 Dungeon Crawl Stone Soup version 0.17-a0-1430-g49fde19 (webtiles) character file.

58 Television the Chopper (level 3, -3/29 HPs)
             Began as a Mummy Fighter on June 25, 2015.
             Was an Initiate of Ashenzari.
             Slain by an ogre
             ... wielding a cursed -2 giant club
              (20 damage)
             ... on level 4 of the Dungeon.
             The game lasted 00:09:51 (1343 turns).

Television the Chopper (Mummy Fighter)              Turns: 1343, Time: 00:09:52

Health: -3/29      AC:  6    Str: 19    XL:     3   Next: 75%
Magic:  3/3        EV:  7    Int:  7    God:    Ashenzari [......]
Gold:   116        SH:  8    Dex: 12    Spells: 0 memorised, 2 levels left

rFire  x . .     SeeInvis .     a - +0 war axe
rCold  + . .     Clarity  .     b - +0 scale mail
rNeg   + + +     SustAt   .     c - +0 shield
rPois  ∞         Gourm    .     (no helmet)
rElec  .         Spirit   .     (no cloak)
rCorr  .         Warding  .     (no gloves)
rMut   .         Stasis   .     (no boots)
MR     .....                    (no amulet)
Stlth  ..........               (no ring)
                                (no ring)

@: not resistant to hostile enchantments, extremely unstealthy
A: no food or potions, fire vulnerability, cold resistance 1, negative energy
resistance 3, torment resistance, unbreathing
a: Renounce Religion


You were on level 4 of the Dungeon.
You worshipped Ashenzari.
Ashenzari was noncommittal.
You were not hungry.

You visited 1 branch of the dungeon, and saw 4 of its levels.

You collected 116 gold pieces.

Inventory:

Hand weapons
 a - a +0 war axe (weapon)
Missiles
 i - 7 needles of sleeping
 j - 17 stones (quivered)
 k - 13 sling bullets of flame
Armour
 b - a +0 scale mail (worn)
 c - a +0 shield (worn)
 m - the +1 robe "Siokhluo" {+Fly}
   (You found it on level 4 of the Dungeon)

   It lets you fly.
Scrolls
 d - a scroll of remove curse
 e - a scroll of teleportation
 g - a scroll of identify {unknown}
 h - a scroll of fear
 l - a scroll of enchant armour {unknown}


   Skills:
 - Level 3.0 Fighting
 + Level 3.4 Axes
 - Level 2.4 Armour
 - Level 2.4 Shields


You had 2 spell levels left.
You didn't know any spells.

Dungeon Overview and Level Annotations

Branches:
Dungeon (4/15)
 Temple: D:4-7

Altars:
Ashenzari
Fedhas
Ru
The Shining One

Annotations:
D:2 Robin


Innate Abilities, Weirdness & Mutations

You do not eat or drink.
Your flesh is vulnerable to fire.
You are immune to poison.
Your flesh is cold resistant.
You are immune to negative energy.
You are immune to unholy pain and torment.
You can survive without breathing.


Message History

You see here a cursed club.
There is a stone staircase leading down here.
You climb downwards.
There is a stone staircase leading up here.
An ogre comes into view. It is wielding a giant club.
The ogre shouts!
You hit the ogre.
The ogre is moderately wounded.
The ogre hits you with a giant club!
You barely miss the ogre.
The ogre is moderately wounded.
You block the ogre's attack.
You hit the ogre but do no damage.
The ogre is lightly wounded.
You block the ogre's attack.
You slash the ogre!
The ogre is heavily wounded.
The ogre hits you with a giant club!!
Ouch! That really hurt!
You die...

# #.### #..# # #.#
.# #..# # #.# .#
#..# # #.# .# #..#
# #.# .# # #.# .# #
#.# .#
###.#############O#
................@.#
###.###############
#.# #.# #.# #.# #.#
#.#### #.# #....#
#.# ####.# #.#


You could see an ogre.

Vanquished Creatures
  An adder (D:3)
  A worm (D:3)
  An adder skeleton (D:4)
  An orc (D:3)
  5 bats
  3 giant cockroaches
  5 goblins
  6 hobgoblins
  6 jackals
  2 kobolds (D:2)
  A giant gecko (D:1)
  2 giant newts
  6 rats
40 creatures vanquished.

Notes
Turn   | Place    | Note
--------------------------------------------------------------
     0 | D:1      | Television the Mummy Fighter began the quest for the Orb.
     0 | D:1      | Reached XP level 1. HP: 18/18 MP: 1/1
   131 | D:1      | Found a shattered altar of Ashenzari.
   169 | D:1      | Became a worshipper of Ashenzari the Shackled
   190 | D:1      | Reached XP level 2. HP: 13/24 MP: 2/2
   841 | D:3      | Reached XP level 3. HP: 19/29 MP: 3/3
   872 | D:4      | Got the uncursed robe "Siokhluo" {+Fly}
   888 | D:4      | Identified the +1 robe "Siokhluo" {+Fly} (You found it on level 4 of the Dungeon)
   899 | D:4      | Found a blossoming altar of Fedhas.
  1136 | D:2      | Noticed Robin
  1246 | D:4      | Found a sacrificial altar of Ru.
  1248 | D:4      | Found a glowing golden altar of the Shining One.
  1339 | D:4      | Noticed an ogre
  1343 | D:4      | Slain by an ogre

Vault maps used:
D:1:      lightli_arrival_boilingwater, st_stairs_5, evilmike_ruin_ashenzari
D:2:      nemelex_dance_club_becter, uniq_crazy_yiuf_cottage, uniq_robin
D:4:      fedhas_altar_1, nicolae_overflow_hidden_temple,
          grunt_temple_overflow_open, minmay_hollow_rounded_squares

Action                   || total
-------------------------++-------
Melee: War axe           ||   146
  Use: Scroll            ||     3
